 Dungeon Crawl Stone Soup version 0.28.0-45-g0d030f2227 (webtiles) character file.

Game seed: 2834050710626632433

85 McKennaii the Skirmisher (level 4, 0/34 (37) HPs)
             Began as a Demonspawn Fighter on Apr 5, 2022.
             Slain by Crazy Yiuf
             ... wielding a +2 quarterstaff of chaos
              (4 damage)
             ... on level 2 of the Dungeon.
             The game lasted 00:02:40 (2381 turns).

McKennaii the Skirmisher (Demonspawn Fighter)       Turns: 2381, Time: 00:02:48

HP:   0/34 (37)     AC: 11    Str: 18    XL:     4   Next: 25%
MP:   4/4           EV:  9    Int:  9    God:
Gold: 93            SH:  4    Dex: 13    Spells: 3/3 levels left

rFire   . . .      SeeInvis .   a - +0 trident
rCold   . . .      Faith    .   c - +0 buckler
rNeg    . . .      Spirit   .   b - +0 scale mail
rPois   .          Reflect  .   (no helmet)
rElec   .          Harm     .   o - scarf {repulsion}
rCorr   .          Rampage  .   g - +0 pair of gloves
Will    .....                   l - +1 pair of boots
Stlth   ..........              (no amulet)
HPRegen 0.11/turn               (no ring)
MPRegen 0.09/turn               (no ring)

@: drained, repel missiles
A: hooves 1, sharp scales 1
a: no special abilities


You were on level 2 of the Dungeon.
You visited 1 branch of the dungeon, and saw 2 of its levels.

You collected 93 gold pieces.

Inventory:

Hand Weapons
 a - a +0 trident (weapon)
Armour
 b - a +0 scale mail (worn)
 c - a +0 buckler (worn)
 g - a +0 pair of gloves (worn)
 k - a +0 plate armour
 l - a +1 pair of boots (worn)
 o - a scarf of repulsion (worn)
Scrolls
 e - 2 scrolls of fear {unknown}
 h - a scroll of noise {unknown}
 i - a scroll of amnesia {unknown}
 m - a scroll of identify {unknown}
 n - a scroll of magic mapping {unknown}
 p - a scroll of blinking {unknown}
Potions
 d - a potion of might
 f - a potion of degeneration {unknown}
 j - a potion of berserk rage {unknown}


   Skills:
 + Level 3.6 Fighting
 + Level 2.4 Polearms
 + Level 3.2 Armour
 + Level 3.3 Shields


You had 3 spell levels left.
You didn't know any spells.
Your spell library contained the following spells:

 Spells                   Type           Power      Damage    Failure   Level
 Shock                    Conj/Air       0%         1d3       86%         1
 Sublimation of Blood     Necr           0%         N/A       94%         2
 Wereblood                Tmut           0%         N/A       94%         2
 Swiftness                Air            0%         N/A       99%         3
 Airstrike                Air            0%         N/A       100%        4
 Summon Hydra             Summ           0%         N/A       100%        7


Dungeon Overview and Level Annotations

Branches:
Dungeon (2/15)

Altars:

Shops:
D:1 *   D:2 :

Annotations:
D:2 Crazy Yiuf


Innate Abilities, Weirdness & Mutations

You have large cloven feet.
You are partially covered in razor-sharp scales. (AC +1, Slay +1)


Message History

There is an open door here.
There is an open door here.
There is an open door here.
You see here a +0 dagger.
Things that are here:
a +0 short sword; 5 stones Crazy Yiuf shouts!
Could not explore, unopened runed door.
Okay, then.
Okay, then.
You open the door.
Reach: a) +0 trident
Press: ? - help, Dir - move target, f - Crazy Yiuf
Aim: Crazy Yiuf, wielding a +2 quarterstaff of chaos and wearing a +0 cloak (about 37% to evade your +0 trident)
You reach to attack!
You hit Crazy Yiuf.
Crazy Yiuf is moderately wounded.
You closely miss Crazy Yiuf.
Crazy Yiuf is moderately wounded.
Crazy Yiuf hits you but does no damage.
You feel drained.
Crazy Yiuf whimpers, "Defame high infinity!"
Crazy Yiuf completely misses you.
You hit Crazy Yiuf.
Crazy Yiuf is heavily wounded.
Crazy Yiuf hits you but does no damage.
You feel drained.
You completely miss Crazy Yiuf.
Crazy Yiuf is heavily wounded.
Crazy Yiuf laughs, "East verde disdain!"
Crazy Yiuf hits you with a +2 quarterstaff of chaos!
You are electrocuted!
You barely miss Crazy Yiuf.
Crazy Yiuf is heavily wounded.
Crazy Yiuf misses you.
You hit Crazy Yiuf but do no damage.
Crazy Yiuf is heavily wounded.
Crazy Yiuf cries, "You leg down broken song, no?"
Crazy Yiuf barely misses you.
Crazy Yiuf hits you with a +2 quarterstaff of chaos!
* * * LOW HITPOINT WARNING * * *
Crazy Yiuf freezes you.
You die...

#####........#.###.#.####.##
#.....#####.###.#[........##
#.###.# #.## ##).#######.#
#.# ### ### #### #.# #.#
#.## #.# #... #.###♣♣ ###
#.## #...#.♣♣ ♣♣#..)# #)#.
#......♣♣♣♣@g...# #######.#.
##......♣..♣#...# #.........
##.#..♣.♣♣♣ ### ##'#####.#
###♣♣♣♣♣ #...##....
#......#.# #####
####.....##'#
##...####.......##)..
#.......'........####
##...####.........#.#


You could see Crazy Yiuf.

Vanquished Creatures
  2 adders (D:2)
  A worm (D:2)
  A dart slug (D:1)
  An orc (D:2)
  A bat (D:1)
  4 endoplasms
  5 giant cockroaches (D:1)
  7 goblins
  5 hobgoblins
  6 jackals (D:1)
  3 quokkas (D:2)
  6 ball pythons
  2 frilled lizards
  5 kobolds
  5 rats
54 creatures vanquished.

Vanquished Creatures (others)
  3 plants (D:1)
3 creatures vanquished.

Grand Total: 57 creatures vanquished

Notes
Turn   | Place    | Note
-------+----------+-------------------------------------------
     0 | D:1      | McKennaii the Demonspawn Fighter began the quest for the
                  | Orb.
     0 | D:1      | Reached XP level 1. HP: 18/18 MP: 1/1
     6 | D:1      | Noticed a hound
     6 | D:1      | Noticed a black mamba
     6 | D:1      | Noticed a black bear
     7 | D:1      | Noticed a redback
     7 | D:1      | Noticed a wyvern
   167 | D:1      | Gained mutation: You have large cloven feet. [demonic
                  | ancestry]
   167 | D:1      | Reached XP level 2. HP: 24/24 MP: 2/2
   451 | D:1      | Found Doures's Assorted Antiques.
   473 | D:1      | Reached XP level 3. HP: 23/29 MP: 3/3
  1036 | D:2      | Found Omeskatu's Book Shoppe.
  1309 | D:2      | Found a faded altar of an unknown god.
  1661 | D:2      | Gained mutation: You are partially covered in razor-sharp
                  | scales. (AC +1, Slay +1) [demonic ancestry]
  1661 | D:2      | Reached XP level 4. HP: 27/36 MP: 4/4
  2117 | D:2      | Found a runed translucent door.
  2118 | D:2      | Noticed Crazy Yiuf
  2381 | D:2      | Slain by Crazy Yiuf

Illustrated notes

Levels and vault maps discovered:
D:1:      onia_arrival_zoo_common, layout_loops_ring, serial_forest,
          infiniplex_forest_clump_medium, infiniplex_forest_side_room,
          infiniplex_forest_lined_room_2, infiniplex_forest_straight_3,
          infiniplex_forest_end_1, serial_shops, nicolae_shop_hallway_plus,
          chequers_serial_rivers_room_b, corexii_item_surrounded_by_moat,
          minmay_tiny_reverse_x
D:2:      layout_loops_corners, serial_shops, shop,
          hellmonk_ecumenical_altar_inner_sanctum, grunt_ministairs_2,
          minmay_fractal_squares_gapless_5, uniq_crazy_yiuf_cottage

Skill      XL: |  1  2 |
---------------+-------+-----
Polearms       | 2 |  2.4
Shields        | 3 |  3.3
Armour         | 3 |  3.2
Fighting       | |  3.6

Action                   |  1- 3 |  4- 6 || total
-------------------------+-------+-------++-------
Melee: Trident           |   129 |    26 ||   155
       Kick              |    15 |       ||    15
Armor: Scale mail        |    40 |    12 ||    52
Dodge: Dodged            |    35 |     9 ||    44
Block: Buckler           |    18 |     7 ||    25
